 Dungeon Crawl Stone Soup version 0.29.1-13-g9f3cf754e1 (webtiles) character file.

Game seed: 16193546431838969467

30 croobank the Sneak (level 3, -3/26 HPs)
             Began as an Octopode Delver on Feb 8, 2023.
             Slain by a black bear (4 damage)
             ... on level 5 of the Dungeon.
             The game lasted 00:01:01 (210 turns).

croobank the Sneak (Octopode Delver)                 Turns: 210, Time: 00:01:01

Health: -3/26      AC:  1    Str: 11    XL:     3   Next: 20%
Magic:  3/3        EV: 13    Int: 14    God:
Gold:   17         SH:  0    Dex: 13    Spells: 2/2 levels left

rFire   . . .      SeeInvis .   a - +0 hand axe
rCold   . . .      Faith    .   (no shield)
rNeg    . . .      Spirit   .   (helmet restricted)
rPois   .          Reflect  .   (no amulet)
rElec   .          Harm     .   (no ring)
rCorr   .          Rampage  .   (no ring)
Will    .....                   (no ring)
Stlth   ++++......              (no ring)
HPRegen 0.08/turn               (no ring)
MPRegen 0.08/turn               (no ring)
                                (no ring)
                                (no ring)

@: on berserk cooldown, hasted and slowed
A: almost no armour, amphibious, 8 rings, camouflage 1, gelatinous body 1,
(nimble swimmer 1), tentacles
a: no special abilities


You were on level 5 of the Dungeon.
You visited 1 branch of the dungeon, and saw 2 of its levels.

You collected 17 gold pieces.

Inventory:

Hand Weapons
 a - a +0 hand axe (weapon)
Wands
 f - a wand of digging (3)
Scrolls
 b - a scroll of fog
 c - a scroll of magic mapping


   Skills:
 + Level 3.3 Fighting
 + Level 2.4 Axes
 + Level 2.4 Dodging
 + Level 6.9 Stealth


You had 2 spell levels left.
You didn't know any spells.
Your spell library was empty.

Dungeon Overview and Level Annotations

Branches:
Dungeon (6/15)
 Temple: D:4-7

Altars:
Okawaru


Innate Abilities, Weirdness & Mutations

You cannot wear most types of armour.
You are amphibious.
You can wear up to eight rings at the same time.
Your skin changes colour to match your surroundings (Stealth+).
Your rubbery body absorbs attacks. (AC +1, EV +1)
((You are camouflaged when in or above water. (Stealth+)))
You have tentacles for arms and can constrict up to eight enemies at once.


Message History

You kill the quokka!
You barely miss the black bear. You grab the black bear.
You squeeze the black bear!
The black bear is moderately wounded.
You constrict the black bear. The black bear bites you.
The black bear closely misses you. The black bear claws you.
You hit the black bear but do no damage.
The black bear is heavily wounded.
You constrict the black bear. The black bear closely misses you.
The black bear misses you. The black bear claws you.
You hit the black bear but do no damage.
Your squeeze misses the black bear.
The black bear is heavily wounded.
You constrict the black bear, but do no damage.
The black bear bites you. The black bear claws you.
The black bear barely misses you. The black bear bites you.
* * * LOW HITPOINT WARNING * * *
The black bear claws you.
* * * LOW HITPOINT WARNING * * *
The black bear claws you.
* * * LOW HITPOINT WARNING * * *
Unknown command.
It was a potion of berserk rage.
A red film seems to cover your vision as you go berserk!
You feel yourself moving faster!
You feel mighty!
You constrict the black bear. The black bear barely misses you.
The black bear closely misses you. The black bear barely misses you.
You release your grip on the black bear.
You feel a strong urge to attack something.
You feel your anger nearly subside.
You are no longer berserk.
You are exhausted.
You feel yourself slow down.
You feel yourself speed up.
As you read the scroll of fear, it crumbles to dust.
You assume a fearsome visage.
The black bear resists with some effort.
The black bear completely misses you. The black bear misses you.
The black bear claws you.
You die...

....# ....#
#######....##
#....$†.....#
#.#########.# #.#
########.# .
#......#h# .
##......#@# ..
#.......+.#
#.######.......###
$....†........)#
###†#####......#
#.# #......# #.#
#......# #(#
######## ###.##
#######


You could see a black bear.

Vanquished Creatures
  2 adders
  A shadow imp (D:5)
  A dart slug (D:5)
  A quokka (D:5)
5 creatures vanquished.

Notes
Turn   | Place    | Note
-------+----------+-------------------------------------------
     0 | D:5      | croobank the Octopode Delver began the quest for the Orb.
     0 | D:5      | Reached XP level 1. HP: 16/16 MP: 1/1
     2 | D:6      | Noticed a jelly
     6 | D:6      | Reached XP level 2. HP: 18/21 MP: 2/2
    48 | D:5      | Found an iron altar of Okawaru.
    56 | D:5      | Noticed a yak
    58 | D:5      | Noticed a yak
    58 | D:5      | Noticed a yak
    77 | D:5      | Reached XP level 3. HP: 11/26 MP: 3/3
   168 | D:5      | Noticed a black bear
   193 | D:5      | Noticed a black bear
   199 | D:5      | HP: 1/26 [black bear (1)]
   210 | D:5      | Slain by a black bear

Illustrated notes

Levels and vault maps discovered:
D:5:      layout_basic, fedhas_altar_2, okawaru_metal_pillars_1_2,
          nicolae_underground_beach
D:6:      layout_cave_pools

Action                   || total
-------------------------++-------
Melee: Hand axe          ||    21
       Tentacles         ||     4
       Constrict         ||     4
  Use: Potion            ||     2
       Scroll            ||     1
 Stab: Sleeping          ||     1
Dodge: Dodged            ||    26
